 Dungeon Crawl Stone Soup version 0.30.1-9-gdf580d7c3d (webtiles) character file.

Game seed: 1344116031437798794

839 eliilek the Basher (level 7, -4/66 HPs)
             Began as a Minotaur Berserker on Oct 15, 2023.
             Was a Believer of Trog.
             Slain by a yak (10 damage)
             ... on level 3 of the Dungeon.
             The game lasted 00:06:36 (2674 turns).

eliilek the Basher (Minotaur Berserker)             Turns: 2674, Time: 00:06:36

Health: -4/66      AC:  9    Str: 24    XL:     7   Next: 67%
Magic:  6/6        EV:  7    Int:  4    God:    Trog [**....]
Gold:   161        SH:  6    Dex:  9    Spells: 6/6 levels left

rFire   . . .        a - +0 flail
rCold   . . .        o - +0 kite shield
rNeg    . . .        w - +0 chain mail
rPois   .            (helmet restricted)
rElec   .            i - +0 cloak
rCorr   .            (no gloves)
SInv    .            (no boots)
Will    +....        (no amulet) Stlth
                     v - ring of willpower
HPRegen 0.31/turn    (no ring)
MPRegen 0.10/turn

%: no passive effects
@: on berserk cooldown, hasted and slowed
A: horns 2, retaliatory headbutt
a: Renounce Religion, Berserk, Trog's Hand


You were on level 3 of the Dungeon.
You worshipped Trog.
Trog was pleased with you.
You visited 1 branch of the dungeon, and saw 4 of its levels.

You collected 161 gold pieces.

Inventory:

Hand Weapons
 a - a +0 flail (weapon)
Missiles
 f - 4 poisoned darts (quivered)
Armour
 i - a +0 cloak (worn)
 o - a +0 kite shield (worn)
 w - a +0 chain mail (worn)
Jewellery
 v - a ring of willpower (left hand)
Scrolls
 d - a scroll of torment {unknown}
 g - 2 scrolls of brand weapon {unknown}
 j - a scroll of amnesia {unknown}
 l - 2 scrolls of magic mapping {unknown}
 s - 2 scrolls of identify {unknown}
 t - a scroll of teleportation {unknown}
 u - a scroll of blinking {unknown}
 x - a scroll of enchant armour {unknown}
Potions
 b - 2 potions of might {unknown}
 c - 2 potions of haste
 e - 6 potions of curing {unknown}
 h - a potion of lignification {unknown}
 k - a potion of invisibility {unknown}
 m - a potion of degeneration {unknown}
 n - a potion of mutation {unknown}
 p - 3 potions of heal wounds {unknown}
 q - a potion of magic {unknown}
 r - a potion of ambrosia {unknown}
 z - a potion of brilliance {unknown}


   Skills:
 + Level 7.0 Fighting
 * Level 9.3 Maces & Flails
 - Level 2.4 Armour
 - Level 2.1 Dodging


You had 6 spell levels left.
You didn't know any spells.
Your spell library was empty.

Dungeon Overview and Level Annotations

Branches:
Dungeon (4/15)
 Temple: D:4-7

Altars:


Innate Abilities, Weirdness & Mutations

You have a pair of horns on your head.
You reflexively headbutt those who attack you in melee.


Message History

Trog accepts your kill. The yak gores you!
You bludgeon the yak!!
You kill the yak!
Trog accepts your kill. The yak gores you.
Your Fighting skill increases to level 7!
Your Maces & Flails skill increases to level 9!
You hit the yak.
The yak is lightly wounded.
You are no longer berserk.
You are exhausted.
You feel yourself slow down. The yak closely misses you.
You closely miss the yak.
The yak is lightly wounded.
You block the yak's attack.
You hit the yak.
The yak is lightly wounded.
You block the yak's attack. The yak gores you!
You barely miss the yak.
The yak is lightly wounded.
The yak gores you! The yak attacks as you move away! The yak gores you!
* * * LOW HITPOINT WARNING * * *
The yak barely misses you.
There is a stone staircase leading up, spattered with blood here.
You block the yak's attack.
You climb upwards.
There is a stone staircase leading down, spattered with blood here.
It was a potion of haste.
You feel yourself speed up. The yak barely misses you. You furiously retaliate!
You headbutt the yak! The yak gores you!
* * * LOW HITPOINT WARNING * * *
You barely miss the yak.
The yak is heavily wounded.
The yak gores you but does no damage.
You hit the yak.
The yak is heavily wounded.
The yak gores you!
You die...

##########
#[....@..# ###
######..<..Y..# ..#
##..)..........#
..###...........<..#
#..................#
#.#....))..........#
#.................##
##................#
..................#


You could see a yak.

Vanquished Creatures
  Sigmund (D:2)
  4 yaks
  3 adders
  A worm (D:2)
  A dart slug (D:1)
  4 orcs (D:3)
  5 endoplasms
  5 giant cockroaches
  6 goblins
  8 hobgoblins
  8 kobolds
  5 quokkas
  5 ball pythons
  5 bats
  2 frilled lizards
  2 rats (D:2)
65 creatures vanquished.

Notes
Turn   | Place    | Note
-------+----------+-------------------------------------------
     0 | D:1      | eliilek the Minotaur Berserker began the quest for the Orb.
     0 | D:1      | Reached XP level 1. HP: 19/19 MP: 0/0
   261 | D:1      | Reached skill level 4 in Maces & Flails
   302 | D:1      | Reached XP level 2. HP: 25/27 MP: 1/1
   474 | D:1      | Found Syenn's One-of-a-Kind Rings.
   822 | D:1      | Reached XP level 3. HP: 18/33 MP: 2/2
   902 | D:2      | Reached ** piety under Trog
   903 | D:2      | Reached skill level 5 in Maces & Flails
   996 | D:2      | Noticed Sigmund
  1008 | D:2      | Killed Sigmund
  1009 | D:2      | Reached skill level 5 in Fighting
  1009 | D:2      | Reached skill level 6 in Maces & Flails
  1009 | D:2      | Reached XP level 4. HP: 18/42 MP: 3/3
  1009 | D:2      | Reached XP level 5. HP: 21/48 MP: 4/4
  2349 | D:4      | Noticed a yak
  2364 | D:3      | Killed a yak
  2365 | D:3      | Reached skill level 7 in Maces & Flails
  2365 | D:3      | Reached XP level 6. HP: 27/57 MP: 5/5
  2490 | D:4      | Noticed a yak
  2502 | D:3      | Killed a yak
  2503 | D:3      | Reached skill level 8 in Maces & Flails
  2503 | D:3      | Reached XP level 7. HP: 22/63 MP: 6/6
  2649 | D:4      | Noticed a yak
  2651 | D:4      | Noticed a yak
  2653 | D:4      | Noticed a yak
  2663 | D:4      | Killed a yak
  2664 | D:4      | Killed a yak
  2665 | D:4      | Reached skill level 9 in Maces & Flails
  2674 | D:3      | Slain by a yak

Illustrated notes

Levels and vault maps discovered:
D:1:      elethiomel_arrival_maze, layout_basic, nicolae_shop_unique_rings
D:2:      layout_basic, uniq_sigmund
D:3:      layout_rooms, kennysheep_nondescript
D:4:      cheibrodos_greedy_goblins, layout_loops_ring, nicolae_ru_awakened_eye,
          ebering_ghost_sewer_f, minmay_misc_feat_enclosed, uniq_pikel,
          uniq_natasha, uniq_blork_the_orc

Skill      XL: |  1  2  3  4  5  6  7 |
---------------+----------------------+-----
Maces & Flails | 4 6 7 8 9 |  9.3
Fighting       | 4 5 6 7 |  7.0
Armour         | |  2.4
Dodging        | |  2.1

Action                     |  1- 3 |  4- 6 |  7- 9 || total
---------------------------+-------+-------+-------++-------
  Melee: Mace              |    53 |    70 |       ||   123
         Headbutt          |     6 |    10 |       ||    16
         Flail             |       |    25 |    21 ||    46
 Invoke: Trog's Hand       |     1 |       |       ||     1
         Berserk           |       |     2 |     1 ||     3
    Use: Potion            |       |       |     1 ||     1
   Stab: Sleeping          |     1 |     1 |       ||     2
 Armour: Animal skin       |     6 |    13 |       ||    19
         Ring mail         |       |    10 |       ||    10
         Chain mail        |       |     7 |     2 ||     9
         Leather armour    |       |     5 |       ||     5
  Dodge: Dodged            |    22 |    50 |     5 ||    77
  Block: Kite shield       |     2 |    27 |     5 ||    34
